 Dungeon Crawl Stone Soup version 0.27-a0-686-gaed091b46b (webtiles) character file.

Game seed: 10203163192568854954

739 dolemite99 the Stinger (level 7, -4/46 HPs)
             Began as a Demonspawn Venom Mage on Mar 21, 2021.
             Was a Believer of Makhleb.
             Shot with an arrow by a centaur (10 damage)
             ... on level 5 of the Dungeon.
             The game lasted 00:17:23 (10635 turns).

dolemite99 the Stinger (Demonspawn Venom Mage)     Turns: 10635, Time: 00:17:23

Health: -4/46      AC:  3    Str:  8    XL:     7   Next: 46%
Magic:  0/10       EV: 12    Int: 18    God:    Makhleb [**....]
Gold:   57         SH:  0    Dex: 14    Spells: 3/10 levels left

rFire    . . .     SeeInvis +   m - +2 dagger (venom)
rCold    . . .     Faith    .   (no shield)
rNeg     . . .     Spirit   +   v - +1 robe
rPois    .         Reflect  .   (no helmet)
rElec    .         Harm     .   (no cloak)
rCorr    +         Rampage  .   (no gloves)
Will     .....                  (no boots)
Stlth    ++........             A - amulet of the acrobat
HPRegen  0.15/turn              s - ring of see invisible
MPRegen  0.24/turn              t - ring of resist corrosion

@: no status effects
A: claws 1, hooves 1, powered by death 1, magic shield, magic regeneration
a: Renounce Religion, Minor Destruction


You were on level 5 of the Dungeon.
You worshipped Makhleb.
Makhleb was pleased with you.
You visited 1 branch of the dungeon, and saw 5 of its levels.
You also visited: Sewer.

You collected 224 gold pieces.
You spent 167 gold pieces at shops.

Inventory:

Hand Weapons
 a - a +1 whip of freezing
 b - a +0 hunting sling
 d - a +0 club
 e - a +0 dagger
 m - a +2 dagger of venom (weapon)
 y - a +0 flail
Missiles
 g - 6 sling bullets
 k - 21 bolts
 q - 42 poisoned darts (quivered)
 r - 57 stones
Armour
 v - a +1 robe (worn)
Jewellery
 s - a ring of see invisible (right claw)
 t - a ring of resist corrosion (left claw)
 A - an amulet of the acrobat (around neck)
Wands
 u - a wand of iceblast (10)
 x - a wand of digging (5)
 C - a wand of polymorph (7)
Scrolls
 h - a scroll of fog
 o - 2 scrolls of blinking
 w - a scroll of amnesia
 B - a scroll of noise {unknown}
Potions
 c - 6 potions of curing
 f - 2 potions of lignification {unknown}
 i - a potion of attraction {unknown}
 j - 2 potions of flight
 l - 2 potions of brilliance
 n - 2 potions of might
 p - a potion of haste
 z - a potion of magic {unknown}
 D - a potion of resistance {unknown}


   Skills:
 + Level 2.3 Short Blades
 - Level 1.8 Dodging
 - Level 1.8 Stealth
 - Level 2.0 Spellcasting
 - Level 3.0 Transmutations
 - Level 6.3 Poison Magic
 + Level 5.2 Invocations


You had 3 spell levels left.
You knew the following spells:

 Your Spells              Type           Power      Damage    Failure   Level
a - Sting                 Tmut/Pois      72%        1d6       2%          1
b - Poisonous Vapours     Pois/Air       26%        N/A       8%          2
c - Olgreb's Toxic Radia  Pois           24%        N/A       13%         4

Your spell library contained the following spells:

 Spells                   Type           Power      Damage    Failure   Level
 Ignite Poison            Fire/Tmut/Pois 13%        N/A       16%         3
 Mephitic Cloud           Conj/Pois/Air  9%         N/A       22%         3


Dungeon Overview and Level Annotations

Branches:
Dungeon (5/15)              Sewer (visited)
 Temple: D:4-7

Altars:
Gozag
Makhleb
Trog
Uskayaw
Wu Jian

Shops:
D:1 ***[:


Innate Abilities, Weirdness & Mutations

You have sharp fingernails.
You have large cloven feet.
You regenerate a little health from kills.
When hurt, damage is shared between your health and your magic reserves.
You regenerate magic rapidly.


Message History

The ufetubus completely misses you. x2
Casting: Olgreb's Toxic Radiance (quite dangerous; 13% risk of failure)
Confirm with . or Enter, or press ? or * to list all spells.
Aiming: Poisonous Vapours (safe; 8% risk of failure)
Press: ? - help, Dir - move target, f - ufetubus
Aim: an ufetubus Poisonous vapours surround the ufetubus!
The ufetubus is poisoned.
The ufetubus hits you. x2
The ufetubus is engulfed in poison gas.
The ufetubus looks even sicker.
The ufetubus hits you but does no damage.
The ufetubus closely misses you.
You closely miss the ufetubus. Your kick misses the ufetubus.
The ufetubus is severely wounded.
The ufetubus closely misses you. The ufetubus hits you.
Casting: Poisonous Vapours (safe; 8% risk of failure)
Confirm with . or Enter, or press ? or * to list all spells.
Aiming: Poisonous Vapours (safe; 8% risk of failure)
Press: ? - help, Dir - move target, f - centaur, p - ufetubus
Aim: a centaur, wielding a +0 shortbow and quivering arrows Poisonous vapours surround the centaur!
The centaur is engulfed in poison gas.
The centaur is poisoned.
The ufetubus hits you. x2
The centaur is engulfed in poison gas.
The centaur looks even sicker.
You kill the ufetubus!
Makhleb accepts your kill.
You feel better.
The centaur shoots an arrow.
The arrow hits you.
Casting: Poisonous Vapours (safe; 8% risk of failure)
Confirm with . or Enter, or press ? or * to list all spells.
Aiming: Poisonous Vapours (safe; 8% risk of failure)
Press: ? - help, Dir - move target, f/p - centaur
Aim: a centaur, wielding a +0 shortbow and quivering arrows (moderately wounded, very poisoned) Poisonous vapours surround the centaur!
The centaur is engulfed in poison gas.
The centaur looks even sicker.
The centaur shoots an arrow.
The arrow hits you!
Press: ? - help, Shift-Dir - straight line, f/p - centaur
Aim: a centaur, wielding a +0 shortbow and quivering arrows (moderately wounded, very poisoned)
The puff of flame hits the centaur.
The centaur is heavily wounded.
The centaur shoots an arrow.
The arrow hits you!
* * * LOW HITPOINT WARNING * * *
The centaur shoots an arrow.
The arrow hits you!
You die...

..# #.# #.. #.#
###.# ..#.# #.#.#
#.#.#.# #<#.#.#
#.#.#.# #.#@#.# #
#.#.#.# #.#.#c#.#
.##.#.#.#.#.#
......c$$.#.#
..$...#.###.########
.##.# #.#...........
# #.#.#.########
#.#.#........#


You could see a centaur (very poisoned).

Vanquished Creatures
  A kobold brigand (D:5)
  A bullfrog (D:2)
  A gnoll sergeant (D:5)
  A scorpion (D:5)
  An orc priest (D:4)
  A worker ant (D:4)
  5 orc wizards
  4 adders
  4 gnolls (D:5)
  An ufetubus (D:5)
  14 oozes
  An adder skeleton (D:5)
  2 worms
  16 leopard geckos
  7 orcs
  20 giant cockroaches
  8 goblins
  9 hobgoblins
  8 jackals
  3 quokkas
  15 ball pythons
  8 bats
  15 frilled lizards
  7 kobolds
  12 rats
165 creatures vanquished.

Notes
Turn   | Place    | Note
-------+----------+-------------------------------------------
     0 | D:1      | dolemite99 the Demonspawn Venom Mage began the quest for
                  | the Orb.
     0 | D:1      | Reached XP level 1. HP: 13/13 MP: 3/3
     1 | D:1      | Found a runed translucent door.
    10 | D:1      | Found Yple's Assorted Antiques.
    95 | D:1      | Reached skill level 1 in Transmutations
   309 | D:1      | Found Xehonk's Armour Emporium.
   650 | D:1      | Gained mutation: You regenerate magic rapidly. [demonic
                  | ancestry]
   650 | D:1      | Reached XP level 2. HP: 19/19 MP: 1/5
   758 | D:1      | Found Ban Luqi's Book Shop.
  1281 | D:1      | Found Pyzxumm's General Store.
  1395 | D:1      | Gained mutation: You have sharp fingernails. [demonic
                  | ancestry]
  1395 | D:1      | Reached XP level 3. HP: 24/24 MP: 2/6
  2141 | D:1      | Found Jeucuet's General Store.
  2708 | D:2      | Noticed a bullfrog
  2722 | D:2      | Killed a bullfrog
  2723 | D:2      | Reached skill level 4 in Poison Magic
  2723 | D:2      | Gained mutation: You have large cloven feet. [demonic
                  | ancestry]
  2723 | D:2      | Reached XP level 4. HP: 4/30 MP: 4/7
  3148 | D:2      | Found a burning altar of Makhleb.
  3153 | D:2      | Became a worshipper of Makhleb the Destroyer
  3794 | D:1      | Bought a +0 hunting sling for 18 gold pieces
  4089 | D:3      | Found a glowing drain.
  4101 | Sewer    | Entered a sewer
  4230 | Sewer    | Gained mutation: When hurt, damage is shared between your
                  | health and your magic reserves. [demonic ancestry]
  4230 | Sewer    | Reached XP level 5. HP: 35/35 MP: 8/8
  4472 | Sewer    | Reached * piety under Makhleb
  5090 | Sewer    | Reached skill level 5 in Poison Magic
  5122 | Sewer    | Learned a level 2 spell: Poisonous Vapours
  6153 | Sewer    | Reached ** piety under Makhleb
  6756 | D:3      | Found an ornate altar of the Wu Jian Council.
  6921 | D:1      | Bought a potion of curing for 36 gold pieces
  6921 | D:1      | Bought a scroll of identify for 24 gold pieces
  6931 | D:1      | Learned a level 1 spell: Sting
  7153 | D:1      | Learned a level 4 spell: Olgreb's Toxic Radiance
  7195 | D:1      | Bought a scroll of identify for 26 gold pieces
  7234 | D:1      | Bought a scroll labelled BUECASUYWI for 21 gold pieces
  7401 | D:3      | Gained mutation: You regenerate a little health from kills.
                  | [demonic ancestry]
  7401 | D:3      | Reached XP level 6. HP: 41/41 MP: 4/9
  7597 | D:3      | Found an opulent altar of Gozag.
  7700 | D:3      | Reached skill level 6 in Poison Magic
  8241 | D:1      | Bought a scroll of identify for 42 gold pieces
  8510 | D:3      | Found a bloodstained altar of Trog.
  8913 | D:4      | Reached skill level 1 in Invocations
  9029 | D:4      | Found a hide-covered altar of Uskayaw.
  9907 | D:5      | Entered Level 5 of the Dungeon
 10011 | D:5      | Reached skill level 1 in Short Blades
 10011 | D:5      | Reached XP level 7. HP: 46/46 MP: 7/10
 10360 | D:5      | Reached skill level 5 in Invocations
 10635 | D:5      | Shot with an arrow by a centaur

Illustrated notes

Levels and vault maps discovered:
D:1:      dpeg_arrival_caged_fury, layout_basic, serial_shops, shop_statue,
          shop, shop, nicolae_shop_competitors_out_of_business,
          nicolae_shop_trees, serial_corexii_hall, corexii_hall_statues_s,
          corexii_hall_statues_l
D:2:      layout_basic, lemuel_doored_altar
D:3:      layout_basic, old_standard_altar, nicolae_overflow_hidden_temple,
          cheibrodos_sewer_entry_drain, minmay_misc_feat_ornament,
          grunt_gozag_breadcrumbs
D:4:      layout_gridville, overflow_temple_1_default
D:5:      black_bear_nest_1, layout_basic, kennysheep_mini_moat,
          temple_fountains

Skill      XL: |  1  2  3  4  5  6  7 |
---------------+----------------------+-----
Transmutations | 1 2 3 |  3.0
Poison Magic   | 4 5 6 |  6.3
Invocations    | 4 5 |  5.2
Short Blades   | 1 2 |  2.3
Dodging        | |  1.8
Stealth        | |  1.8
Spellcasting   | |  2.0

Action                   |  1- 3 |  4- 6 |  7- 9 || total
-------------------------+-------+-------+-------++-------
Melee: Dagger            |    16 |     3 |     9 ||    28
       Kick              |       |     2 |     2 ||     4
       Whip              |       |     1 |       ||     1
 Fire: Hunting sling     |       |   241 |       ||   241
Throw: Dart              |     1 |     9 |    15 ||    25
 Cast: Sting             |    58 |   110 |     2 ||   170
       Poisonous Vapours |       |    25 |     9 ||    34
       Olgreb's Toxic Ra |       |     2 |     2 ||     4
Invok: Minor Destruction |       |     9 |     1 ||    10
  Use: Scroll            |       |    12 |       ||    12
 Stab: Sleeping          |     1 |       |       ||     1
Armor: Robe              |     7 |    38 |     2 ||    47
Dodge: Dodged            |    38 |   136 |    15 ||   189

Table legend: (Time is in decaauts)
 A = Elapsed time spent in this place.
 B = Non-inter-level travel time spent in this place.
 C = Inter-level travel time spent in this place.
 D = Time resting spent in this place.
 E = Time spent auto-exploring this place.
 F = Levels seen in this place.
 G = Mean time per level.
                   A        B        C        D        E       F      G
               +--------+--------+--------+--------+--------+-----+--------+
         Total |  10829 |  10269 |    560 |   5006 |   3682 |   6 | 1804.8 |
       Dungeon |   8122 |   7562 |    560 |   3292 |   3189 |   5 | 1624.4 |
         Sewer |   2706 |   2706 |      0 |   1714 |    493 |   1 | 2706.0 |
               +--------+--------+--------+--------+--------+-----+--------+

Top non-repeatable levels by time:
     D:1: 2974 daAuts
   Sewer: 2706 daAuts
     D:3: 1721 daAuts
     D:2: 1592 daAuts
     D:4: 1107 daAuts
     D:5: 727 daAuts
